 Dungeon Crawl Stone Soup version 0.30-a0-800-g7c544603b3 (webtiles) character file.

Game seed: 10763067511054387585

287 testman the Carver (level 6, -2/51 HPs)
             Began as a Gnoll Wanderer on Feb 21, 2023.
             Was an Initiate of Gozag.
             Slain by an orc priest
             ... wielding a +0 flail
              (7 damage)
             ... on level 4 of the Dungeon.
             The game lasted 00:06:49 (2780 turns).

testman the Carver (Gnoll Wanderer)                 Turns: 2780, Time: 00:06:50

Health: -2/51      AC:  6    Str: 11    XL:     6   Next: 30%
Magic:  18/18      EV: 11    Int:  7    God:    Gozag
Gold:   165        SH:  5    Dex: 18    Spells: 9/9 levels left

rFire   . . .      SeeInvis .    a - +1 long sword
rCold   . . .      Faith    .    (no shield)
rNeg    . . .      Spirit   .    b - +0 ring mail
rPois   .          Reflect  +    (no helmet)
rElec   .          Harm     .    (no cloak)
rCorr   .          Rampage  .    (no gloves)
Will    .....                    p - +0 pair of boots
Stlth   ++                       q - amulet of reflection
HPRegen 0.28/turn                s - ring of magical power
MPRegen 0.16/turn                (no ring)

@: no status effects
A: fangs 1, strong nose, distributed training
a: Renounce Religion, Potion Petition, Call Merchant, Bribe Branch


You were on level 4 of the Dungeon.
You worshipped Gozag.
Gozag was aware of your devotion.
You visited 1 branch of the dungeon, and saw 4 of its levels.

You collected 201 gold pieces.
You paid 36 gold pieces to Gozag.

Inventory:

Hand Weapons
 a - a +1 long sword (weapon)
 g - a +3 dagger
Missiles
 l - 5 boomerangs (quivered)
 o - 17 poisoned darts
Armour
 b - a +0 ring mail (worn)
 d - a +0 leather armour
 p - a +0 pair of boots (worn)
Jewellery
 q - an amulet of reflection (around neck)
 s - a ring of magical power (left hand)
Scrolls
 c - a scroll of fear
 e - 3 scrolls of identify
 f - a scroll of teleportation {unknown}
 j - a scroll of enchant weapon {unknown}
 k - a scroll of amnesia {unknown}
Potions
 h - a potion of lignification {unknown}
 i - 3 potions of mutation
 m - a potion of brilliance {unknown}
 n - 2 potions of ambrosia {unknown}
 r - a potion of attraction {unknown}


   Skills:
 + Level 5.0 Fighting
 + Level 2.0 Short Blades
 + Level 8.7 Long Blades
 + Level 2.0 Axes
 + Level 3.2 Maces & Flails
 + Level 2.0 Polearms
 + Level 2.0 Staves
 + Level 2.0 Ranged Weapons
 + Level 2.0 Throwing
 + Level 3.2 Armour
 + Level 2.0 Dodging
 + Level 3.1 Stealth
 + Level 2.0 Shields
 + Level 2.0 Unarmed Combat
 + Level 2.0 Spellcasting
 + Level 1.5 Conjurations
 + Level 1.5 Hexes
 + Level 1.5 Summonings
 + Level 1.5 Necromancy
 + Level 1.5 Translocations
 + Level 1.5 Transmutations
 + Level 1.5 Fire Magic
 + Level 1.5 Ice Magic
 + Level 1.5 Air Magic
 + Level 1.5 Earth Magic
 + Level 1.5 Poison Magic
 + Level 2.2 Invocations
 + Level 3.2 Evocations


You had 9 spell levels left.
You didn't know any spells.
Your spell library contained the following spells:

 Spells                   Type           Power      Damage    Failure   Level
 Apportation              Tloc           4%         N/A       41%         1
 Necrotise                Necr           8%         1d4       41%         1
 Slow                     Hex            8%         N/A       41%         1
 Summon Small Mammal      Summ           8%         N/A       41%         1
 Ensorcelled Hibernation  Hex/Ice        4%         N/A       56%         2
 Confusing Touch          Hex            2%         N/A       80%         3
 Spider Form              Tmut/Pois      2%         N/A       80%         3
 Stone Arrow              Conj/Erth      4%         3d7       80%         3
 Vampiric Draining        Necr           2%         2d6       80%         3
 Anguish                  Hex/Necr       1%         N/A       99%         4
 Animate Armour           Summ/Erth      4%         N/A       99%         4
 Borgnjor's Vile Clutch   Necr/Erth      1%         N/A       100%        5
 Death Channel            Necr           1%         N/A       100%        6
 Lehudib's Crystal Spear  Conj/Erth      1%         10d2      100%        8
 Animate Dead             Necr           Unusable   N/A       N/A         4

Dungeon Overview and Level Annotations

Branches:
Dungeon (4/15)             Temple (0/1) D:4

Altars:
Elyvilon
Gozag

Shops:
D:3 !


Innate Abilities, Weirdness & Mutations

You have very sharp teeth.
Your uncanny sense of smell can sniff out nearby items.
Your experience applies equally to all skills.


Message History

* * * LOW HITPOINT WARNING * * *
You slash the ogre!
The ogre is heavily wounded.
You slash the ogre!
You kill the ogre!
Your Fighting skill increases to level 5!
Your Short Blades skill increases to level 2!
Your Axes skill increases to level 2!
Your Polearms skill increases to level 2!
Your Staves skill increases to level 2!
Your Ranged Weapons skill increases to level 2!
Your Throwing skill increases to level 2!
Your Dodging skill increases to level 2!
Your Stealth skill increases to level 3!
Your Shields skill increases to level 2!
Your Unarmed Combat skill increases to level 2!
Your Spellcasting skill increases to level 2!
Your Invocations skill increases to level 2!
You have reached level 6!
You now have 161 gold pieces (gained 10).
You see here a +0 giant club.
You now have 165 gold pieces (gained 4).
An orc priest is nearby!
You are too injured to fight recklessly!
You are too injured to fight recklessly!
You are too injured to fight recklessly!
You are too injured to fight recklessly!
You are too injured to fight recklessly!
You are too injured to fight recklessly!
You are too injured to fight recklessly!
Okay, then.
As you read the scroll labelled NUAMNUDISU, it crumbles to dust.
It is a scroll of identify.
i - 3 potions of mutation The orc priest zaps a wand.
Your mind is blasted!
* * * LOW HITPOINT WARNING * * *
You hit the orc priest but do no damage.
The orc priest hits you with a +0 flail!
You die...
Your body crumbles into a pile of gold.

##.........≈≈≈ #........≈≈≈≈≈
####.......≈≈≈≈≈≈
#.########.≈≈≈≈≈≈ #.#
#.≈≈≈≈≈≈ #.# #.≈≈≈≈≈≈ #####
#.# #..≈≈≈≈≈ o..#####.#
#....≈≈≈ # #.#...@.# #......≈
....###.....o.# #.......
.......)......# ######.#
....####.....##############.#
.. #.....'...........##.#
##....###..§......##.# ######
#.........##'#
........###...... ##...
........###......


You could see an orc priest.

Vanquished Creatures
  An ogre (D:4)
  A phantom (D:4)
  A jelly (D:4)
  3 adders
  2 worms (D:2)
  2 orcs (D:3)
  7 bats
  6 endoplasms
  2 giant cockroaches
  5 goblins
  A hobgoblin (D:1)
  6 jackals
  4 quokkas
  8 ball pythons
  7 frilled lizards
  7 kobolds
  2 rats
65 creatures vanquished.

Vanquished Creatures (others)
  2 withered plants (D:1)
2 creatures vanquished.

Grand Total: 67 creatures vanquished

Notes
Turn   | Place    | Note
-------+----------+-------------------------------------------
     0 | D:1      | testman the Gnoll Wanderer began the quest for the Orb.
     0 | D:1      | testman set off with the following items: a +1 long sword,
                  | a +0 mace, a scroll of fear, a +0 leather armour.
     0 | D:1      | Reached XP level 1. HP: 20/20 MP: 1/1
   210 | D:1      | Reached XP level 2. HP: 26/26 MP: 2/2
   272 | D:1      | Found a faded altar of an unknown god.
   276 | D:1      | Prayed at the altar of an unknown god.
   276 | D:1      | Became a worshipper of Elyvilon the Healer
   276 | D:1      | Reached * piety under Elyvilon
   515 | D:1      | Reached XP level 3. HP: 31/31 MP: 3/3
   973 | D:2      | Reached skill level 1 in Invocations
  1110 | D:2      | Reached skill level 1 in Short Blades
  1110 | D:2      | Reached skill level 1 in Axes
  1110 | D:2      | Reached skill level 1 in Polearms
  1110 | D:2      | Reached skill level 1 in Staves
  1110 | D:2      | Reached skill level 1 in Ranged Weapons
  1110 | D:2      | Reached skill level 1 in Throwing
  1110 | D:2      | Reached skill level 1 in Dodging
  1110 | D:2      | Reached skill level 1 in Shields
  1110 | D:2      | Reached skill level 1 in Unarmed Combat
  1110 | D:2      | Reached skill level 1 in Spellcasting
  1284 | D:2      | Reached ** piety under Elyvilon
  1298 | D:2      | Reached XP level 4. HP: 32/38 MP: 5/5
  1771 | D:3      | Reached skill level 1 in Conjurations
  1771 | D:3      | Reached skill level 1 in Hexes
  1771 | D:3      | Reached skill level 1 in Summonings
  1771 | D:3      | Reached skill level 1 in Necromancy
  1771 | D:3      | Reached skill level 1 in Translocations
  1771 | D:3      | Reached skill level 1 in Transmutations
  1771 | D:3      | Reached skill level 1 in Fire Magic
  1771 | D:3      | Reached skill level 1 in Ice Magic
  1771 | D:3      | Reached skill level 1 in Air Magic
  1771 | D:3      | Reached skill level 1 in Earth Magic
  1771 | D:3      | Reached skill level 1 in Poison Magic
  1812 | D:3      | Found an opulent altar of Gozag.
  1856 | D:3      | Fell from the grace of Elyvilon
  1856 | D:3      | Became a worshipper of Gozag Ym Sagoz the Greedy
  1902 | D:3      | Found Gahecyxo's Distillery.
  2370 | D:4      | Noticed an ogre
  2372 | D:4      | Noticed a phantom
  2499 | D:4      | Found a staircase to the Ecumenical Temple.
  2601 | D:4      | Reached XP level 5. HP: 37/43 MP: 7/7
  2740 | D:4      | Noticed a phantom
  2754 | D:4      | Killed a phantom
  2759 | D:4      | Killed an ogre
  2760 | D:4      | Reached skill level 5 in Fighting
  2760 | D:4      | Reached XP level 6. HP: 7/51 MP: 9/9
  2780 | D:4      | Slain by an orc priest

Illustrated notes

Levels and vault maps discovered:
D:1:      tarquinn_simple_flora_water_a, layout_loops_ring,
          ebering_ecumenical_altar_petrified, st_stairs_3, dk_noncrumbling_4,
          minmay_tree_intersection, hangedman_decor_push
D:2:      layout_loops_ring, chequers_serial_rivers_room_a
D:3:      layout_basic, nicolae_gozag_seed_capital, serial_shops,
          nicolae_diamond_shop
D:4:      layout_basic, minmay_overflow_temple_star_quad, temple_pool_b,
          uniq_edmund

Skill      XL: |  1  2  3  4  5 |
---------------+----------------+-----
Invocations    | 1 2 |  2.2
Short Blades   | 1 2 |  2.0
Axes           | 1 2 |  2.0
Polearms       | 1 2 |  2.0
Staves         | 1 2 |  2.0
Ranged Weapons | 1 2 |  2.0
Throwing       | 1 2 |  2.0
Dodging        | 1 2 |  2.0
Shields        | 1 2 |  2.0
Unarmed Combat | 1 2 |  2.0
Spellcasting   | 1 2 |  2.0
Conjurations   | 1 |  1.5
Hexes          | 1 |  1.5
Summonings     | 1 |  1.5
Necromancy     | 1 |  1.5
Translocations | 1 |  1.5
Transmutations | 1 |  1.5
Fire Magic     | 1 |  1.5
Ice Magic      | 1 |  1.5
Air Magic      | 1 |  1.5
Earth Magic    | 1 |  1.5
Poison Magic   | 1 |  1.5
Maces & Flails | 3 |  3.2
Armour         | 3 |  3.2
Evocations     | 3 |  3.2
Fighting       | 5 |  5.0
Stealth        | 3 |  3.1
Long Blades    | |  8.7

Action                     |  1- 3 |  4- 6 || total
---------------------------+-------+-------++-------
  Melee: Long sword        |   116 |    50 ||   166
         Bite              |     4 |     5 ||     9
    Use: Scroll            |       |     1 ||     1
   Stab: Sleeping          |     5 |     2 ||     7
 Armour: Leather armour    |     7 |       ||     7
         Ring mail         |    34 |    13 ||    47
  Dodge: Dodged            |    63 |    16 ||    79
  Block: Other             |       |     5 ||     5

Table legend: (Time is in decaauts)
 A = Elapsed time spent in this place.
 B = Non-inter-level travel time spent in this place.
 C = Inter-level travel time spent in this place.
 D = Time resting spent in this place.
 E = Time spent auto-exploring this place.
 F = Levels seen in this place.
 G = Mean time per level.
                   A        B        C        D        E       F      G
               +--------+--------+--------+--------+--------+-----+--------+
         Total |   2775 |   2610 |    165 |      0 |   2117 |   4 |  693.8 |
       Dungeon |   2775 |   2610 |    165 |      0 |   2117 |   4 |  693.8 |
               +--------+--------+--------+--------+--------+-----+--------+

Top non-repeatable levels by time:
     D:3: 843 daAuts
     D:1: 826 daAuts
     D:2: 732 daAuts
     D:4: 372 daAuts
